 Dungeon Crawl Stone Soup version 0.30-a0-802-gb92711bcdf (webtiles) character file.

Game seed: 3905734784655771061

899 cforsyth the Covert (level 8, 0/49 HPs)
             Began as a Kobold Brigand on Feb 24, 2023.
             Slain by an ogre
             ... wielding a +0 giant spiked club
              (11 damage)
             ... on level 5 of the Dungeon.
             The game lasted 00:07:14 (4585 turns).

cforsyth the Covert (Kobold Brigand)                Turns: 4585, Time: 00:07:14

Health: 0/49       AC:  4    Str:  9    XL:     8   Next: 28%
Magic:  8/8        EV: 17    Int: 12    God:
Gold:   391        SH:  0    Dex: 18    Spells: 7/7 levels left

rFire   . . .      SeeInvis .    b - +1 demon blade (elec)
rCold   . . .      Faith    .    (no shield)
rNeg    . . .      Spirit   .    o - +0 robe
rPois   .          Reflect  .    (no helmet)
rElec   .          Harm     .    c - +0 cloak
rCorr   .          Rampage  .    n - +0 pair of gloves
Will    .....                    (no boots)
Stlth   +++++                    (no amulet)
HPRegen 0.28/turn                (no ring)
MPRegen 0.11/turn                (no ring)

@: no status effects
A: small, no large weapons, nightstalker 3
a: no special abilities


You were on level 5 of the Dungeon.
You visited 1 branch of the dungeon, and saw 5 of its levels.
You also visited: Sewer.

You collected 391 gold pieces.

Inventory:

Hand Weapons
 a - a +2 dagger
 b - a +1 demon blade of electrocution (weapon)
 G - the +8 hand axe of Uluoc {vamp, Str+2}
   (You found it on level 2 of the Dungeon)

   Str:       It affects your strength (+2).
Missiles
 d - 20 poisoned darts (quivered)
 e - 3 curare-tipped darts
Armour
 c - a +0 cloak (worn)
 n - a +0 pair of gloves (worn)
 o - a +0 robe (worn)
Jewellery
 p - a ring of protection from cold
Wands
 C - a wand of polymorph (7)
Scrolls
 i - 2 scrolls of teleportation
 j - a scroll of poison {unknown}
 k - a scroll of fog
 m - a scroll of enchant weapon {unknown}
 q - a scroll of silence {unknown}
 r - 4 scrolls of blinking
 u - a scroll of amnesia {unknown}
 y - a scroll of noise {unknown}
 A - a scroll of immolation {unknown}
 E - a scroll of summoning {unknown}
 F - a scroll of vulnerability {unknown}
 I - a scroll of magic mapping {unknown}
 J - a scroll of enchant armour {unknown}
 K - a scroll of identify
Potions
 f - a potion of invisibility {unknown}
 g - a potion of attraction
 h - a potion of ambrosia
 l - 2 potions of curing
 s - 2 potions of lignification
 t - a potion of mutation
 v - a potion of degeneration {unknown}
 w - a potion of flight {unknown}
 x - 2 potions of resistance
 z - a potion of magic {unknown}
 B - a potion of heal wounds {unknown}
 D - a potion of brilliance {unknown}
 H - a potion of berserk rage {unknown}


   Skills:
 + Level 5.3 Fighting
 - Level 5.2(5.6) Short Blades
 + Level 1.9(2.8) Long Blades
 - Level 2.1 Throwing
 + Level 5.3 Dodging
 + Level 8.3 Stealth


You had 7 spell levels left.
You didn't know any spells.
Your spell library contained the following spells:

 Spells                   Type           Power      Damage    Failure   Level
 Ensorcelled Hibernation  Hex/Ice        0%         N/A       45%         2
 Passwall                 Tmut/Erth      0%         N/A       45%         2
 Swiftness                Air            0%         N/A       69%         3


Dungeon Overview and Level Annotations

Branches:
Dungeon (5/15)              Sewer (visited)
 Temple: D:4-7

Altars:
Gozag
Hepliaklqana
Nemelex Xobeh
Vehumet

Shops:
D:4 ?

Annotations:
D:3 1 runed translucent door, Crazy Yiuf
D:4 2 runed translucent doors


Innate Abilities, Weirdness & Mutations

You are small and have problems with some larger weapons.
You are completely attuned to the shadows.


Message History

Found a sparkling altar of Nemelex Xobeh.
There is an open door here.
You open the door.
An endoplasm comes into view.
An endoplasm is nearby!
An endoplasm is nearby!
An endoplasm is nearby!
There is an open door here.
The helpless endoplasm fails to defend itself.
You slice the endoplasm!!
Lightning courses through the endoplasm!!
You kill the endoplasm!
No target in view!
No target in view!
No target in view!
No target in view!
No target in view!
There is an open door here.
Found a stone staircase leading down.
There is a stone staircase leading down here.
An ogre comes into view. It is wielding a +0 giant spiked club.
Found a book of Dreams.
An ogre is nearby!
Found a stone staircase leading down.
The helpless ogre fails to defend itself.
You hit the ogre.
The ogre is lightly wounded.
The ogre hits you with a +0 giant spiked club!!!
Ouch! That really hurt!
* * * LOW HITPOINT WARNING * * *
You hear a shout!
You hear an angry hiss.
You are too injured to fight recklessly!
You are too injured to fight recklessly!
You are too injured to fight recklessly!
You are too injured to fight recklessly!
You are too injured to fight recklessly!
You slash the ogre!
The ogre is moderately wounded.
The ogre hits you with a +0 giant spiked club!
You die...

## ##. #. #.. #. #.#
#.# .##.##.# #.#
.......####### #.#
#............# #..
#>.....#####.# ##.
#..:@..#####.########
#..O.........>.......
#......#####.########
######.# #.# .. ..#
####


You could see an ogre.

Vanquished Creatures
  A black bear (D:5)
  3 ogres (D:5)
  A phantom (D:4)
  2 bullfrogs (Sewer)
  A scorpion (D:5)
  A jelly (D:5)
  Terence (D:3)
  A statue (D:5)
  4 gnolls (D:3)
  6 adders
  2 worms
  2 dart slugs
  2 orcs
  17 ball pythons
  16 endoplasms
  11 giant cockroaches
  11 goblins
  7 hobgoblins
  4 jackals (D:2)
  14 quokkas
  4 bats
  9 frilled lizards
  5 kobolds
  3 rats
128 creatures vanquished.

Notes
Turn   | Place    | Note
-------+----------+-------------------------------------------
     0 | D:1      | cforsyth the Kobold Brigand began the quest for the Orb.
     0 | D:1      | Reached XP level 1. HP: 12/12 MP: 1/1
   150 | D:1      | Reached XP level 2. HP: 18/18 MP: 2/2
   293 | D:1      | Reached XP level 3. HP: 22/22 MP: 3/3
   680 | D:2      | Identified the +8 hand axe of Uluoc {vamp, Str+2}
   800 | D:2      | Reached XP level 4. HP: 21/27 MP: 4/4
   961 | D:2      | Reached skill level 6 in Stealth
  1279 | D:3      | Found a hazy altar of Hepliaklqana.
  1737 | D:3      | Reached XP level 5. HP: 13/32 MP: 5/5
  1917 | D:3      | Noticed Terence
  1925 | D:3      | Killed Terence
  2080 | D:3      | Found a runed translucent door.
  2083 | D:3      | Noticed Crazy Yiuf
  2700 | D:4      | Noticed a phantom
  2710 | D:4      | Killed a phantom
  2711 | D:4      | Reached XP level 6. HP: 36/38 MP: 6/6
  2984 | D:4      | Found a large runed translucent door.
  2986 | D:4      | Found a large runed translucent door.
  3013 | D:4      | Found a glowing drain.
  3036 | Sewer    | Entered a sewer
  3217 | Sewer    | Reached skill level 7 in Stealth
  3262 | Sewer    | Reached skill level 5 in Short Blades
  3262 | Sewer    | Reached XP level 7. HP: 17/43 MP: 7/7
  3693 | D:4      | Found Umme's Magic Scroll Boutique.
  3819 | D:5      | Entered Level 5 of the Dungeon
  3974 | D:5      | Found a radiant altar of Vehumet.
  4144 | D:5      | Found an opulent altar of Gozag.
  4227 | D:5      | Reached skill level 1 in Long Blades
  4255 | D:5      | Reached skill level 5 in Fighting
  4255 | D:5      | Reached skill level 5 in Dodging
  4255 | D:5      | Reached skill level 8 in Stealth
  4255 | D:5      | Reached XP level 8. HP: 34/49 MP: 8/8
  4551 | D:5      | Found a sparkling altar of Nemelex Xobeh.
  4585 | D:5      | Slain by an ogre

Illustrated notes

Levels and vault maps discovered:
D:1:      ebering_hopf_link, layout_rooms, minmay_misc_feat_nine_boxes,
          minmay_3d_cube
D:2:      layout_rooms, chequers_serial_rivers_large_a
D:3:      layout_loops_corners, amcnicky_altar_gilded, uniq_crazy_yiuf_cottage,
          uniq_terence
D:4:      due_chaos_kobolds, layout_loops_ring, serial_shops, kennysheep_mini,
          portal_sewer_entry_b
D:5:      nicolae_cairo_tiling_large, layout_loops_cross,
          mainiacjoe_overflow_alcove_2, kennysheep_little_box,
          nemelex_dance_club_becter, vehumet_statue,
          minmay_temple_entry_statues_fountains, uniq_grinder

Skill      XL: |  1  2  3  4  5  6  7 |
---------------+----------------------+-----
Short Blades   | 3 4 5 |  5.2
Dodging        | 2 3 4 5 |  5.3
Fighting       | 3 4 5 |  5.3
Stealth        | 6 7 8 |  8.3
Long Blades    | 1 |  1.9
Throwing       | |  2.1

Action                     |  1- 3 |  4- 6 |  7- 9 || total
---------------------------+-------+-------+-------++-------
  Melee: Dagger            |    78 |     4 |     1 ||    83
         Hand axe          |       |   155 |     3 ||   158
         Demon blade       |       |       |    41 ||    41
         Punch             |       |       |     1 ||     1
    Use: Scroll            |       |     6 |     2 ||     8
         Potion            |       |     1 |       ||     1
   Stab: Sleeping          |    22 |    26 |     5 ||    53
         Distracted        |       |     2 |     1 ||     3
 Armour: Robe              |    10 |    32 |     3 ||    45
         Skin              |       |     7 |     2 ||     9
  Dodge: Dodged            |    52 |   154 |    26 ||   232

Table legend: (Time is in decaauts)
 A = Elapsed time spent in this place.
 B = Non-inter-level travel time spent in this place.
 C = Inter-level travel time spent in this place.
 D = Time resting spent in this place.
 E = Time spent auto-exploring this place.
 F = Levels seen in this place.
 G = Mean time per level.
                   A        B        C        D        E       F      G
               +--------+--------+--------+--------+--------+-----+--------+
         Total |   4707 |   4571 |    136 |    409 |   3283 |   6 |  784.5 |
       Dungeon |   4058 |   3922 |    136 |    106 |   3168 |   5 |  811.6 |
         Sewer |    648 |    648 |      0 |    303 |    115 |   1 |  648.0 |
               +--------+--------+--------+--------+--------+-----+--------+

Top non-repeatable levels by time:
     D:3: 1219 daAuts
     D:4: 773 daAuts
     D:5: 726 daAuts
     D:2: 691 daAuts
   Sewer: 648 daAuts
     D:1: 647 daAuts
